Map: Automaton LE

Players

keyser

  • Race: Terran Terran
  • League: Gold
  • Spawn Location: 9:00

Odin - Winner!

  • Race: Protoss Protoss
  • League: Gold
  • Spawn Location: 3:00

VOD

Have the link to the VOD?

Description

Time

  • Played on: Dec. 6, 2018, 11:17 p.m.
  • Length: 16:05
Show
View Real Time Build Order
Export as new Build Order

keyser Terran 

Build Orders:  

Get SALT Encoding   

  12  0:01  SCV  
  13  0:15  Supply Depot  
  13  0:18  SCV  
  14  0:30  SCV  
  15  0:38  Barracks  
  15  0:50  Refinery  
  15  0:51  SCV  
  16  1:02  Supply Depot  
  16  1:04  SCV  
  17  1:16  SCV  
  17  1:27  Marine  
  17  1:28  SCV  
  19  1:42  Orbital Command  
  19  1:50  Marine  
  20  2:03  Refinery  
  20  2:05  Factory  
  20  2:23  Barracks Tech Lab  
  20  2:25  SCV  
  21  2:38  SCV  
  21  2:44  Supply Depot  
  22  2:48  Factory Tech Lab  
  22  2:50  Starport  
  22  2:51  Marauder  
  24  2:55  Concussive Shells  
  24  3:05  SCV  
  24  3:12  Engineering Bay  
  25  3:14  Cyclone  
  28  3:20  Marine  
  28  3:23  SCV  
  26  3:59  Command Center  
  26  4:00  Marine  
  27  4:14  Cyclone  
  30  4:18  Marine  
  30  4:22  Barracks  
  31  4:29  Missile Turret  
  31  4:31  Starport Tech Lab  
  31  4:36  Marine  
  32  4:42  SCV  
  33  4:54  Marine  
  33  4:58  Raven, Stimpack  
  36  5:00  SCV  
  37  5:11  Orbital Command  
  37  5:15  Siege Tank  
  37  5:16  Barracks Tech Lab  
  40  5:28  Marauder  
  42  5:37  Combat Shield  
  42  5:45  Supply Depot  
  42  5:49  Marine  
  39  6:07  Marine  
  42  6:11  Marauder  
  42  6:12  Starport Reactor  
  42  6:25  Marauder  
  44  6:32  Marine  
  45  6:43  Siege Tank  
  45  6:46  Marine  
  49  6:50  Marine  
  49  6:51  Medivac  
  52  7:04  Marauder  
  54  7:11  Marauder, Supply Depot  
  54  7:12  SCV  
  54  7:13  SCV  
  54  7:15  Supply Depot, Siege Tank  
  61  7:24  SCV  
  61  7:27  Missile Turret  
  62  7:32  Marine x2  
  62  7:33  SCV  
  65  7:40  Medivac x2  
  69  7:50  Marine  
  70  7:54  Marine  
  71  8:06  Command Center  
  71  8:08  Marine  
  71  8:12  Marine  
  72  8:14  Sensor Tower  
  73  8:26  Marine, SCV  
  75  8:28  SCV  
  75  8:30  Marine  
  75  8:31  Refinery  
  77  8:40  SCV  
  78  8:41  Factory  
  78  8:51  Marine x2  
  78  8:52  SCV  
  78  8:53  Supply Depot  
  81  8:55  Supply Depot  
  81  9:02  Armory  
  81  9:08  Marine x2  
  83  9:26  Marine x2  
  85  9:34  SCV  
  85  9:35  Missile Turret, SCV  
  87  9:44  Marine x2  
  89  9:46  SCV  
  89  9:48  Planetary Fortress  
  90  9:56  Supply Depot  
  90  10:01  Supply Depot  
  90  10:02  Marine x2, Barracks  
  92  10:14  SCV  
  93  10:17  Refinery  
  93  10:26  SCV  
  94  10:54  Thor  
  100  11:00  Barracks Tech Lab  
  100  11:02  Thor  
  100  11:05  Missile Turret  
  100  11:08  SCV x3  
  103  11:20  SCV x2, Medivac  
  103  11:21  Medivac  
  109  11:26  Orbital Command  
  110  11:35  Ghost Academy  
  97  12:00  Medivac x2  
  101  12:03  Siege Tank x2  
  101  12:05  Marine  
  101  12:06  Marine  
  109  12:21  Personal Cloaking  
  109  12:23  Marine x2  
  111  12:35  Ghost, Siege Tank  
  116  12:41  Marine x2  
  118  12:59  Marine  
  112  13:19  Marine x3  
  109  13:37  Marine x3  
  100  13:54  Marine  
  68  14:27  Marauder x2  
  68  14:28  Marauder  
  64  14:48  Marine x3  
  62  15:06  Marine x2  
  64  15:07  Marauder  
  55  15:24  Marine, Marauder  
  55  15:28  Marine  
  51  15:42  Marine  
  52  15:45  Marine x2  
Show
View Real Time Build Order
Export as new Build Order

Odin Protoss - Winner!

Build Orders: Oracle Opening 

Get SALT Encoding   

  12  0:03  Probe  
  13  0:15  Probe  
  14  0:23  Pylon  
  14  0:24  Probe  
  15  0:46  Gateway  
  15  0:49  Probe  
  16  1:01  Probe  
  17  1:06  Assimilator  
  17  1:09  Probe  
  17  1:18  Gateway  
  18  1:25  Pylon  
  18  1:28  Probe  
  19  1:36  Cybernetics Core  
  19  1:42  Probe, Assimilator  
  20  1:54  Probe  
  20  2:02  Probe  
  21  2:10  Probe  
  21  2:12  Warp Gate  
  22  2:21  Probe  
  21  2:24  Adept x2  
  26  2:44  Pylon  
  26  2:46  Probe  
  27  2:58  Probe  
  28  3:06  Shield Battery  
  28  3:08  Nexus  
  29  3:17  Stargate  
  28  3:21  Sentry x2  
  32  3:53  Probe  
  29  3:57  Oracle  
  29  4:05  Probe  
  33  4:14  Robotics Facility  
  33  4:17  Probe  
  33  4:22  Probe, Assimilator  
  33  4:24  Assimilator  
  35  4:29  Probe  
  36  4:32  Stalker x2  
  40  4:41  Oracle  
  43  4:55  Zealot x2  
  47  5:07  Immortal  
  47  5:11  Gateway  
  47  5:13  Gateway  
  51  5:35  Stalker  
  53  5:40  Pylon  
  50  6:08  Phoenix  
  52  6:12  Stargate  
  52  6:26  Stalker x2  
  52  6:27  Stalker x2  
  52  6:32  Twilight Council  
  60  6:35  Phoenix  
  62  6:40  Gateway  
  62  6:49  Pylon  
  62  6:58  Pylon  
  62  7:07  Probe x2, Phoenix  
  66  7:17  Sentry x3  
  66  7:19  Sentry  
  74  7:29  Phoenix  
  76  7:33  Charge  
  76  7:48  Probe  
  76  7:49  Probe  
  78  8:02  Pylon  
  78  8:07  Pylon x2  
  78  8:20  Observer, Probe x2, Phoenix x2  
  85  8:33  Gateway  
  85  8:37  Templar Archives  
  85  8:52  Phoenix x2  
  89  8:57  Forge  
  89  9:00  Probe x2  
  89  9:01  Forge  
  91  9:12  Psionic Storm, Probe  
  92  9:19  Probe  
  92  9:21  Probe  
  93  9:28  Probe  
  93  9:29  Probe  
  93  9:30  Phoenix  
  96  9:33  Phoenix  
  100  9:55  High Templar  
  102  10:00  Pylon  
  102  10:24  Photon Cannon  
  102  10:27  Nexus  
  100  10:51  High Templar x2  
  100  10:52  High Templar  
  106  10:58  Photon Cannon  
  106  11:04  Immortal  
  110  11:13  Fleet Beacon  
  110  11:22  Pylon  
  110  11:27  Pylon  
  104  11:57  Phoenix x2  
  104  11:58  Probe  
  104  11:59  Probe  
  110  12:02  Photon Cannon  
  110  12:04  Photon Cannon  
  110  12:05  Shield Battery  
  110  12:06  Shield Battery  
  110  12:11  Photon Cannon  
  110  12:15  Probe x2  
  110  12:16  Probe  
  110  12:21  Gateway  
  113  12:23  Gateway  
  113  12:25  Gateway  
  113  12:26  Gateway  
  113  12:38  Probe x3  
  116  12:45  Nexus  
  116  12:47  Tempest x2  
  126  12:51  Anion Pulse-Crystals  
  119  13:32  Zealot x7  
  116  13:51  Archon  
  50  14:10  Zealot x5  
  50  14:11  Zealot x5  
  68  14:17  Tempest x2  
  67  14:39  Stalker x3  
  67  14:40  Stalker x6  
  67  14:42  Stalker  
  69  15:00  Tempest x2  
  63  15:14  Zealot x2  
  52  15:39  Sentry x4  
Tags
 
Add a new tag
Caveats
  • Supply blocks, unpowered buildings, or Contaminate may cause inaccurate times.
  • Supply counts are checked every 10 seconds.